 Dungeon Crawl Stone Soup version 0.17-a0-1920-gafa4d75 (webtiles) character file.

658 pk666 the Magician (level 7, -1/36 HPs)
             Began as a Deep Elf Wizard on Sept 27, 2015.
             Slain by a wyvern (12 damage)
             ... on level 4 of the Dungeon.
             The game lasted 00:22:18 (5392 turns).

pk666 the Magician (Deep Elf Wizard)                Turns: 5392, Time: 00:22:18

Health: -1/36      AC:  3    Str:  4    XL:     7   Next: 30%
Magic:  2/19       EV: 12    Int: 25    God:
Gold:   259        SH:  0    Dex: 13    Spells: 5 memorised, 8 levels left

rFire  . . .     SeeInvis .     n - +0 dagger
rCold  . . .     Clarity  .     a - +0 robe
rNeg   . . .     SustAt   .     (no shield)
rPois  .         Gourm    .     b - +1 hat
rElec  .         Spirit   .     (no cloak)
rCorr  +         Warding  .     (no gloves)
rMut   .         Rnd*Tele +     (no boots)
MR     +....                    s - amulet of resist corrosion
Stlth  ++........               I - ring of teleportation (curse)
                                J - ring of protection from magic

@: repel missiles, somewhat resistant to hostile enchantments, unstealthy
A: no striking features
a: Evoke Teleportation


You were on level 4 of the Dungeon.
You were hungry.

You visited 1 branch of the dungeon, and saw 6 of its levels.

You collected 259 gold pieces.

Inventory:

Hand weapons
 n - a +0 dagger (weapon)
Armour
 a - a +0 robe (worn)
 b - a +1 hat (worn)
Jewellery
 h - an uncursed ring of flight {unknown}
 s - an amulet of resist corrosion (around neck)
 w - an uncursed amulet of regeneration
 E - an uncursed ring of protection from fire
 I - a cursed ring of teleportation (right hand)
 J - a ring of protection from magic (left hand)
Scrolls
 e - 7 scrolls of identify
 g - a scroll of magic mapping
 o - 3 scrolls of noise
 q - a scroll of random uselessness
 y - a scroll of amnesia
 A - 3 scrolls of teleportation
Potions
 i - 2 potions of flight {unknown}
 l - a potion of curing {unknown}
 m - 2 potions of lignification {unknown}
 r - a potion of beneficial mutation {unknown}
 t - 2 potions of poison {unknown}
 u - a potion of cancellation {unknown}
 v - a potion of resistance {unknown}
 x - a potion of mutation {unknown}
 z - 3 potions of heal wounds {unknown}
 G - a potion of might {unknown}
Books
 c - a book of Minor Magic

   Spells                             Type                      Level
   a - Magic Dart                     Conjuration                  1
   b - Blink                          Translocation                2
   c - Call Imp                       Summoning                    2
   d - Repel Missiles                 Charms/Air                   2
   e - Slow                           Hexes                        2
   f - Conjure Flame                  Conjuration/Fire             3
   g - Mephitic Cloud                 Conjuration/Poison/Air       3
Comestibles
 d - 6 bread rations
 f - a meat ration
 k - a royal jelly
 D - 3 fruits


   Skills:
 - Level 2.4 Dodging
 - Level 2.4 Stealth
 + Level 6.9 Spellcasting
 + Level 4.9 Conjurations
   Level 1.1 Summonings
 - Level 1.1 Translocations
 + Level 3.3 Air Magic
 + Level 3.7 Poison Magic


You had 8 spell levels left.
You knew the following spells:

 Your Spells              Type           Power        Failure   Level  Hunger
d - Conjure Flame         Conj/Fire      ###.....     10%         3    None
q - Blink                 Tloc           N/A          10%         2    None
w - Repel Missiles        Chrm/Air       ###...       8%          2    None
x - Mephitic Cloud        Conj/Pois/Air  ####....     4%          3    None
z - Magic Dart            Conj           ####         1%          1    None


Dungeon Overview and Level Annotations

Branches:
Dungeon (6/15)
 Temple: D:4-7

Altars:
Nemelex Xobeh

Annotations:
D:4 Loris's ghost, average HOFE
D:5 Grinder; Loris's ghost, average HOFE
D:6 Blork the orc


Message History

Your magical contamination has completely faded away.
Loris's ghost hits you. Loris's ghost closely misses you.
The wyvern closely misses you.
There is a stone staircase leading up here.
You can't go down here!
The wyvern bites you. The wyvern bites you!
* * * LOW HITPOINT WARNING * * *
You climb upwards.
Level annotation: Loris's ghost, average HOFE
There is a stone staircase leading down here.
Casting: Blink
Confirm with . or Enter, or press ? or * to list all spells.
You blink.
Casting: Blink
Confirm with . or Enter, or press ? or * to list all spells.
Aiming: Conjure Flame
Press: ? - help, Dir - move target cursor The fire roars!
The wyvern bites you!
You die...

######### ##...#...##.........#
........# #..#.#..............#
#######.###.##....###.......###
#######............##....#....#
.....######.##........##.#....#
..##........#)....#...........#
...#######..................###
......## ##....#..####....#..#
....#..####....l@..###.......#
....##...#......#..##...#....###
....##.......)..#.....#(####...##
...............#....###.# #.....
<.......##.#......#.###.# #.....
...............#......#.## #.....
......##.####.....#....<.####.###
......##.# ##....###.#.......#
....#ยง##.# #....#.....#...####


You could see a wyvern.

Vanquished Creatures
  Duvessa (D:5)
  A phantom (D:5)
  An ice beast (D:6)
  Dowan (D:5)
  2 scorpions (D:4)
  A centaur skeleton (D:5)
  A giant frog skeleton (D:3)
  2 worker ants
  An iguana (D:4)
  3 adders
  2 oozes
  2 worms
  4 giant geckos
  3 orcs (D:3)
  4 giant cockroaches
  7 hobgoblins
  2 jackals (D:1)
  4 quokkas
  3 ball pythons
  10 bats
  7 giant newts
  14 goblins
  A jackal skeleton (D:4)
  13 kobolds
  2 quokka skeletons
  9 rats
101 creatures vanquished.

Notes
Turn   | Place    | Note
--------------------------------------------------------------
     0 | D:1      | pk666 the Deep Elf Wizard began the quest for the Orb.
     0 | D:1      | Reached XP level 1. HP: 10/10 MP: 7/7
   321 | D:1      | Reached XP level 2. HP: 15/15 MP: 4/9
   717 | D:1      | Reached skill level 5 in Spellcasting
   717 | D:1      | Reached XP level 3. HP: 19/19 MP: 4/11
   721 | D:1      | Learned a level 2 spell: Blink
   724 | D:1      | Learned a level 2 spell: Repel Missiles
   728 | D:1      | Learned a level 3 spell: Conjure Flame
   732 | D:1      | Learned a level 3 spell: Mephitic Cloud
  1449 | D:2      | Reached skill level 1 in Air Magic
  1535 | D:2      | Reached skill level 1 in Poison Magic
  1636 | D:2      | Reached XP level 4. HP: 24/24 MP: 9/13
  1985 | D:3      | Found a sparkling altar of Nemelex Xobeh.
  3034 | D:4      | Noticed Loris's ghost (average HOFE)
  3078 | D:4      | Reached XP level 5. HP: 28/28 MP: 8/15
  3435 | D:4      | Reached skill level 6 in Spellcasting
  3502 | D:4      | Reached XP level 6. HP: 32/32 MP: 12/17
  3872 | D:5      | Entered Level 5 of the Dungeon
  4258 | D:5      | Noticed a wyvern
  4450 | D:5      | Noticed Duvessa
  4451 | D:5      | Noticed Dowan
  4465 | D:5      | Killed Duvessa
  4465 | D:5      | Reached XP level 7. HP: 28/36 MP: 11/18
  4683 | D:5      | Noticed Grinder
  5078 | D:6      | Noticed Blork the orc
  5296 | D:5      | Killed Dowan
  5392 | D:4      | Slain by a wyvern

Vault maps used:
D:1:      dpeg_arrival_chase, serial_corexii_hall, corexii_hall_statues_deadend,
          corexii_hall_statues_l, wad_floor_pattern_untrapped
D:2:      first_bread, supply_closet_lemuel
D:3:      nemelex_xobeh_ov_fountains_minmay
D:5:      uniq_duvessa, uniq_grinder, uniq_crazy_yiuf_cottage
D:6:      hangedman_ru_absence, makhleb_grotto_becter, uniq_blork_the_orc,
          uniq_prince_ribbit1

Action                   |  1- 3 |  4- 6 |  7- 9 || total
-------------------------+-------+-------+-------++-------
Melee: Dagger            |       |     7 |     4 ||    11
 Cast: Magic Dart        |    97 |   121 |    46 ||   264
       Repel Missiles    |     3 |       |       ||     3
       Conjure Flame     |       |     4 |    16 ||    20
       Mephitic Cloud    |       |     1 |     7 ||     8
       Blink             |       |       |     9 ||     9
  Use: Scroll            |       |    10 |     2 ||    12
  Eat: Chunk             |     2 |     8 |     1 ||    11
       Beef jerky        |       |       |     1 ||     1
